 Dungeon Crawl Stone Soup version 0.30-a0-586-g23e55c9e0a (webtiles) character file.

Game seed: 12310082060633799172

63 bmack86 the Shield-Bearer (level 3, -3/33 HPs)
             Began as a Minotaur Fighter on Jan 3, 2023.
             Killed from afar by a white imp (4 damage)
             ... with a puff of frost
             ... summoned by Natasha
             ... on level 2 of the Dungeon.
             The game lasted 00:02:31 (1286 turns).

bmack86 the Shield-Bearer (Minotaur Fighter)        Turns: 1286, Time: 00:02:31

Health: -3/33      AC:  7    Str: 22    XL:     3   Next: 89%
Magic:  2/2        EV:  9    Int:  5    God:
Gold:   109        SH:  4    Dex:  9    Spells: 2/2 levels left

rFire   + . .      SeeInvis .    a - +0 war axe
rCold   x . .      Faith    .    c - +0 buckler
rNeg    . . .      Spirit   .    b - +0 scale mail
rPois   .          Reflect  .    (helmet restricted)
rElec   .          Harm     .    (no cloak)
rCorr   .          Rampage  .    (no gloves)
Will    .....                    (no boots) Stlth
                                 (no amulet)
HPRegen 0.25/turn                i - ring of fire
MPRegen 0.08/turn                (no ring)

@: slowed, very slow
A: horns 2, retaliatory headbutt
a: no special abilities


You were on level 2 of the Dungeon.
You visited 1 branch of the dungeon, and saw 2 of its levels.

You collected 109 gold pieces.

Inventory:

Hand Weapons
 a - a +0 war axe (weapon)
Armour
 b - a +0 scale mail (worn)
 c - a +0 buckler (worn)
Jewellery
 i - a ring of fire (left hand)
Scrolls
 e - a scroll of identify {unknown}
 h - a scroll of teleportation {unknown}
Potions
 d - 3 potions of might
 f - 2 potions of heal wounds {unknown}
 g - a potion of mutation {unknown}
 j - a potion of ambrosia {unknown}


   Skills:
 + Level 4.1 Fighting
 * Level 3.8 Axes
 + Level 4.1 Armour
 + Level 4.1 Shields


You had 2 spell levels left.
You didn't know any spells.
Your spell library contained the following spells:

 Spells                   Type           Power      Damage    Failure   Level
 Frozen Ramparts          Ice            0%         1d1       99%         3
 Ice Form                 Ice/Tmut       0%         N/A       100%        4
 Summon Ice Beast         Ice/Summ       0%         N/A       100%        4


Dungeon Overview and Level Annotations

Branches:
Dungeon (2/15)

Altars:

Annotations:
D:2 Natasha


Innate Abilities, Weirdness & Mutations

You have a pair of horns on your head.
You reflexively headbutt those who attack you in melee.


Message History

You now have 109 gold pieces (gained 2).
A hobgoblin comes into view.
The hobgoblin shouts!
The hobgoblin moves out of view.
Natasha, Servant of Life and Death comes into view.
You hit the hobgoblin. You headbutt the hobgoblin.
You kill the hobgoblin!
Natasha casts a spell at you.
You feel yourself slow down. Natasha barely misses you.
Natasha wildly gestures.
Natasha shimmers violently.
Natasha claws you.
Natasha mumbles some strange words.
You feel disoriented. Natasha claws you.
Natasha stares at you and mumbles some strange words.
The magic dart hits you but does no damage.
Natasha claws you but does no damage. Natasha claws you. x2
Natasha claws you but does no damage.
You closely miss Natasha. Your headbutt misses Natasha. Natasha claws you.
Natasha stares at you and mumbles some strange words.
The magic dart hits you.
You closely miss Natasha. Natasha barely misses you. Natasha claws you!
* * * LOW HITPOINT WARNING * * *
You miss Natasha.
Natasha wildly gestures.
Natasha shimmers violently.
Natasha casts a spell.
Natasha claws you.
* * * LOW HITPOINT WARNING * * *
You slash Natasha! You headbutt Natasha.
Natasha is almost dead.
Natasha casts a spell at you. The magic dart hits you.
* * * LOW HITPOINT WARNING * * *
The white imp gestures at you. The puff of frost hits you.
You feel a terrible chill!
You die...

#.#.# .#.
#.#.# ..
#.#.# #.
#.#)#########
#.
#.#..........
#.
#.#..........
#.
#.#..........
#.
#.#..........
#.
#.#.@........
#.
#...h........
#.
####.........
#. #..5......
#. ##+#######
#. #. #. #.
##


You could see Natasha and a white imp (summoned).

Vanquished Creatures
  3 adders (D:2)
  A dart slug (D:2)
  A worm (D:2)
  3 bats
  A giant cockroach (D:2)
  4 goblins
  5 hobgoblins
  A quokka (D:1)
  5 ball pythons
  3 frilled lizards
  2 kobolds (D:1)
  4 rats
33 creatures vanquished.

Notes
Turn   | Place    | Note
-------+----------+-------------------------------------------
     0 | D:1      | bmack86 the Minotaur Fighter began the quest for the Orb.
     0 | D:1      | Reached XP level 1. HP: 19/19 MP: 0/0
   144 | D:1      | Reached XP level 2. HP: 27/27 MP: 1/1
   702 | D:2      | Reached XP level 3. HP: 27/33 MP: 2/2
  1275 | D:2      | Noticed Natasha
  1286 | D:2      | HP: 1/33 [Natasha/magic dart (5)]
  1286 | D:2      | Killed from afar by a white imp

Illustrated notes

Levels and vault maps discovered:
D:1:      denvon_arrival_planthouse, layout_basic, ebering_dispersal_statue_hall
D:2:      layout_basic, uniq_natasha

Skill      XL: |  1  2 |
---------------+-------+-----
Axes           | 3 |  3.8
Fighting       | 4 |  4.1
Armour         | 4 |  4.1
Shields        | 4 |  4.1

Action                   || total
-------------------------++-------
Melee: War axe           ||    79
       Headbutt          ||    15
Armor: Scale mail        ||    39
Dodge: Dodged            ||    44
Block: Buckler           ||    16

Table legend: (Time is in decaauts)
 A = Elapsed time spent in this place.
 B = Non-inter-level travel time spent in this place.
 C = Inter-level travel time spent in this place.
 D = Time resting spent in this place.
 E = Time spent auto-exploring this place.
 F = Levels seen in this place.
 G = Mean time per level.
                   A        B        C        D        E       F      G
               +--------+--------+--------+--------+--------+-----+--------+
         Total |   1319 |   1282 |     37 |      0 |    901 |   2 |  659.5 |
       Dungeon |   1319 |   1282 |     37 |      0 |    901 |   2 |  659.5 |
               +--------+--------+--------+--------+--------+-----+--------+

Top non-repeatable levels by time:
     D:1: 690 daAuts
     D:2: 629 daAuts
